 Dungeon Crawl Stone Soup version 0.19-a0-231-gae044c8 (webtiles) character file.

1059 GlassEater the Covert (level 8, -11/72 HPs)
             Began as a Naga Assassin on May 25, 2016.
             Mangled by Nanomashoes's ghost (16 damage)
             ... on level 6 of the Dungeon.
             The game lasted 00:13:08 (5174 turns).

GlassEater the Covert (Naga Assassin)               Turns: 5174, Time: 00:13:09

Health: -11/72     AC:  9    Str: 14      XL:     8   Next: 27%
Magic:  8/8        EV: 11    Int: 12      God:
Gold:   262        SH:  0    Dex: 12 (14) Spells: 0 memorised, 7 levels left

rFire  . . .     SeeInvis +     a - +3 short sword (drain)
rCold  . . .     Gourm    .     c - +0 robe
rNeg   . . .     Faith    .     (no shield)
rPois  +         Spirit   .     (no helmet)
rElec  .         Dismiss  .     d - +2 cloak
rCorr  .         Reflect  .     v - +1 pair of gloves
SustAt .         Harm     .     (no barding)
MR     +....                    (no amulet)
Stlth  +++++.....               (no ring)
                                x - +1 ring of protection

@: very slow, somewhat resistant to hostile enchantments, quite stealthy
A: see invisible, deformed body, poison resistance, slowness 2, slow metabolism
1, spit poison 2, AC +2
a: Spit Poison


You were on level 6 of the Dungeon.
You were hungry.

You visited 1 branch of the dungeon, and saw 6 of its levels.

You collected 262 gold pieces.

Inventory:

Hand Weapons
 a - a +3 short sword of draining (weapon)
 b - a +0 blowgun
 m - a +2 dagger
Missiles
 e - 8 poisoned needles
 f - 2 curare-tipped needles
Armour
 c - a +0 robe (worn)
 d - a +2 cloak (worn)
 v - a +1 pair of gloves (worn)
Jewellery
 u - an uncursed amulet of harm
 x - a +1 ring of protection (left hand)
Wands
 l - a wand of teleportation (6/9)
Scrolls
 i - 2 scrolls of fear
 k - a scroll of teleportation
 r - a scroll of recharging
 s - a scroll of remove curse
 t - a scroll of amnesia
 y - 2 scrolls of magic mapping
Potions
 h - 4 potions of curing
 n - a potion of degeneration
 q - a potion of berserk rage
 w - a potion of lignification
Comestibles
 g - 6 bread rations
 j - 5 fruits
 o - a beef jerky


   Skills:
 + Level 3.9 Fighting
 + Level 4.0 Short Blades
 - Level 1.7 Throwing
 + Level 3.8 Dodging
 * Level 11.4 Stealth


You had 7 spell levels left.
You didn't know any spells.

Dungeon Overview and Level Annotations

Branches:
Dungeon (6/15)
 Temple: D:4-7

Altars:
Elyvilon
Okawaru
Sif Muna
Xom

Annotations:
D:6 Nanomashoes's ghost, novice MiFi


Innate Abilities, Weirdness & Mutations

You cannot wear boots.
Your serpentine skin is tough (AC +2).
You have supernaturally acute eyesight. (SInv)
Armour fits poorly on your strangely shaped body.
Your system is resistant to poisons. (rPois)
You cover ground very slowly.
You have a slow metabolism.
You can spit poison.


Message History

Nanomashoes's ghost hits you!
* * * LOW HITPOINT WARNING * * *
Drink which item? (? for menu, Esc to quit)
You feel much better. Nanomashoes's ghost hits you!
* * * LOW HITPOINT WARNING * * *
You hit Nanomashoes's ghost.
Nanomashoes's ghost is severely damaged.
Nanomashoes's ghost hits you but does no damage.
You hit Nanomashoes's ghost.
Nanomashoes's ghost is severely damaged.
Nanomashoes's ghost hits you.
* * * LOW HITPOINT WARNING * * *
You barely miss Nanomashoes's ghost.
Nanomashoes's ghost is severely damaged.
Nanomashoes's ghost hits you!
* * * LOW HITPOINT WARNING * * *
You closely miss Nanomashoes's ghost.
Nanomashoes's ghost is severely damaged.
Nanomashoes's ghost hits you!
You die...

#.##.##.#.# ....
.#.#...#.#.# #..#.).).
.......#.#.#####.##.._..
##.#.#.#.#.##.....#.).)
...#..<..#............ .
#####...............## ...
....'................#...#
.####.......#..........(..
## #.......#..W@.........
#.......##########....
#.......# . #.......#
#####......W# ...........#
.....# <..#.# ...#


You could see Nanomashoes's ghost.

Vanquished Creatures
  Eustachio (D:5)
  An ice beast (D:5)
  A phantom (D:6)
  A black bear (D:5)
  2 crimson imps (D:5)
  A giant frog zombie (D:5)
  A centaur skeleton (D:4)
  A quasit (D:5)
  An orc priest (D:3)
  A hound (D:6)
  2 jellies (D:5)
  A giant frog skeleton (D:4)
  2 iguanas (D:4)
  Terence (D:3)
  2 worker ants (D:4)
  7 adders
  2 shadow imps
  2 oozes (D:5)
  An adder zombie (D:5)
  2 worms
  3 dart slugs (D:1)
  4 giant geckos
  14 orcs
  2 ball pythons
  7 bats
  8 giant cockroaches
  13 goblins
  8 hobgoblins
  2 jackals (D:1)
  3 quokkas
  A giant cockroach zombie (D:6)
  3 giant newts
  A jackal skeleton (D:4)
  4 kobolds
  A quokka skeleton (D:4)
  4 rats
111 creatures vanquished.

Notes
Turn   | Place    | Note
--------------------------------------------------------------
     0 | D:1      | GlassEater the Naga Assassin began the quest for the Orb.
     0 | D:1      | Reached XP level 1. HP: 19/19 MP: 1/1
     2 | D:1      | Noticed a gargoyle
     2 | D:1      | Noticed a merfolk
     4 | D:1      | Noticed a draconian
     4 | D:1      | Noticed a ghoul
     6 | D:1      | Noticed a formicid
     6 | D:1      | Noticed a centaur
     8 | D:1      | Noticed a demigod
     8 | D:1      | Noticed a human
    10 | D:1      | Noticed a halfling
    12 | D:1      | Noticed a troll
    14 | D:1      | Noticed an octopode
    14 | D:1      | Noticed a tengu
    16 | D:1      | Noticed an ogre
    18 | D:1      | Noticed an elf
    18 | D:1      | Noticed a vine stalker
    20 | D:1      | Noticed a dwarf
    22 | D:1      | Noticed a demonspawn
    22 | D:1      | Noticed a naga
    24 | D:1      | Noticed a minotaur
    24 | D:1      | Noticed a spriggan
    26 | D:1      | Noticed a felid
    26 | D:1      | Noticed a vampire
    44 | D:1      | Reached skill level 6 in Stealth
   128 | D:1      | Reached XP level 2. HP: 23/26 MP: 2/2
   724 | D:1      | Reached skill level 1 in Dodging
   787 | D:1      | Reached XP level 3. HP: 32/32 MP: 3/3
  1219 | D:2      | Found a white marble altar of Elyvilon.
  1228 | D:2      | Reached skill level 7 in Stealth
  1451 | D:2      | Reached XP level 4. HP: 35/40 MP: 4/4
  2649 | D:3      | Reached XP level 5. HP: 37/46 MP: 5/5
  2660 | D:3      | Reached skill level 8 in Stealth
  2867 | D:3      | Found a shimmering altar of Xom.
  2894 | D:3      | Noticed Terence
  2899 | D:3      | Killed Terence
  3458 | D:4      | Reached XP level 6. HP: 20/56 MP: 6/6
  3854 | D:4      | Found a sand-covered staircase.
  3953 | D:4      | Reached skill level 9 in Stealth
  4210 | D:5      | Entered Level 5 of the Dungeon
  4232 | D:5      | Found a deep blue altar of Sif Muna.
  4249 | D:5      | Noticed a black bear
  4262 | D:5      | Killed a black bear
  4262 | D:5      | Reached XP level 7. HP: 57/62 MP: 7/7
  4332 | D:5      | Reached skill level 10 in Stealth
  4711 | D:5      | Noticed Eustachio
  4723 | D:5      | Killed Eustachio
  4723 | D:5      | Reached skill level 11 in Stealth
  4723 | D:5      | Reached XP level 8. HP: 72/72 MP: 8/8
  4922 | D:6      | Noticed Nanomashoes's ghost (novice MiFi)
  5135 | D:6      | Found an iron altar of Okawaru.
  5174 | D:6      | Mangled by Nanomashoes's ghost

Vault maps used:
D:1:      kb_arrival_jail
D:2:      elyvilon_altar_5, first_bread, kennysheep_cross_bottleneck
D:3:      lemuel_crystal_altar, uniq_terence
D:4:      nicolae_ossuary_entry_monument
D:5:      nicolae_overflow_hidden_temple, gup_sewer_entry_bowl, uniq_eustachio
D:6:      vehumet_statue, okawaru_ov_weapons_minmay, temple_pool_b,
          serial_shops, shop, uniq_sigmund, uniq_prince_ribbit1

Skill      XL: |  1  2  3  4  5  6  7  8 |
---------------+-------------------------+-----
Stealth        | 6 7 8 9 11 | 11.4
Dodging        | 1 2 3 |  3.8
Fighting       | 3 |  3.9
Short Blades   | 3 4 |  4.0
Throwing       | |  1.7

Action                   |  1- 3 |  4- 6 |  7- 9 || total
-------------------------+-------+-------+-------++-------
Melee: Dagger            |    45 |       |       ||    45
       Short sword       |    46 |   200 |   113 ||   359
 Abil: Spit Poison       |     1 |       |       ||     1
  Use: Potion            |     2 |       |     2 ||     4
       Scroll            |       |    14 |     5 ||    19
 Stab: Sleeping          |     3 |    17 |    13 ||    33
  Eat: Chunk             |     1 |     8 |     2 ||    11
Armor: Robe              |    19 |    65 |    43 ||   127
Dodge: Dodged            |    54 |   105 |    71 ||   230
